[Event "Titled Tuesday Blitz February 15 Early 2022"]
[White "Maranhao,Jose Renato Ruiz"]
[Black "Redzisz, Michal"]
[WhiteFideId "2135175"]
[BlackFideId "21816107"]
[WhiteElo "1970"]
[BlackElo "1961"]
[Result "0-1"]
[Round "03"]
[TimeControl "180+1"]
[Date "2022.02.15"]
[WhiteClock "0:00:36"]
[BlackClock "0:00:46"]

1. e4 c5 2. d4 e6 3. Nf3 cxd4 4. c3 d3 5. Bxd3 Nc6 6. O-O d6 7. Bf4 Nf6 8. Na3 e5 9. Bg5 Be7 10. Nc2 Be6 11. Bh4 O-O 12. Ng5 Bg4 13. f3 Bh5 14. Kh1 Nxe4 15. Bxe4 Bxg5 16. Bxg5 Qxg5 17. Qxd6 Rad8 18. Qc7 Rd2 19. Rg1 Bg6 20. Bxg6 hxg6 21. Nb4 Nxb4 22. cxb4 Rxb2 23. Qxb7 a5 24. b5 a4 25. Rab1 a3 26. Rxb2 axb2 27. a4 Qc1 28. Qe4 Rc8 29. b6 Qxg1+ 30. Kxg1 Rc1+ 31. Kf2 b1=Q 32. Qxb1 Rxb1 33. a5 Rb5 0-1


[Site "https://www.chess.com"]

[Event "Titled Tuesday Blitz February 15 Early 2022"]
[White "Marcinczyk, Monika"]
[Black "Subelj, Jan"]
[WhiteFideId "1192051"]
[BlackFideId "14618583"]
[WhiteElo "1730"]
[BlackElo "2248"]
[Result "0-1"]
[Round "03"]
[TimeControl "180+1"]
[Date "2022.02.15"]
[WhiteClock "0:00:03"]
[BlackClock "0:02:11"]

1. e4 e5 2. Nf3 d6 3. d4 Nd7 4. dxe5 Nxe5 5. Nxe5 dxe5 6. Qxd8+ Kxd8 7. Bc4 f6 8. O-O Bd6 9. Be3 Ke7 10. Nc3 c6 11. Rad1 Be6 12. Bxe6 Kxe6 13. Ne2 Ne7 14. f4 exf4 15. Nxf4+ Bxf4 16. Bxf4 Rad8 17. Kf2 Ng6 18. Be3 b6 19. Rd3 Ne5 20. Rxd8 Rxd8 21. Ke2 c5 22. b3 g5 23. Rf5 Ng4 24. Bg1 Ne5 25. h4 h6 26. hxg5 fxg5 27. Bh2 Nc6 28. Ke3 Nd4 29. Rf2 Rd7 30. c4 Rf7 31. Rxf7 Kxf7 32. e5 Ke6 33. Ke4 h5 34. Bg1 Nf5 35. Bf2 h4 36. Be1 g4 37. Kf4 h3 38. gxh3 gxh3 39. Bg3 Nxg3 40. Kxg3 Kxe5 41. Kxh3 Kd4 42. Kg4 Kc3 43. Kf5 Kb2 44. Ke5 Kxa2 45. Kd5 Kxb3 46. Kc6 Kxc4 47. Kb7 a5 0-1


[Site "https://www.chess.com"]

[Event "Titled Tuesday Blitz February 15 Early 2022"]
[White "Martin Carmona, Gaston Manuel"]
[Black "Kornyukov, Alexey"]
[WhiteFideId "22284567"]
[BlackFideId "4150457"]
[WhiteElo "2161"]
[BlackElo "2303"]
[Result "1-0"]
[Round "03"]
[TimeControl "180+1"]
[Date "2022.02.15"]
[WhiteClock "0:00:20"]
[BlackClock "0:00:29"]

1. e4 c5 2. Nc3 e5 3. Nf3 d6 4. Bc4 Be7 5. d3 Nf6 6. Nd2 Bg4 7. f3 Be6 8. Nf1 Bxc4 9. dxc4 Nc6 10. Ne3 Nd4 11. Ncd5 Nxd5 12. Nxd5 Bh4+ 13. g3 Bg5 14. c3 Bxc1 15. Rxc1 Ne6 16. O-O O-O 17. Qd2 f5 18. exf5 Rxf5 19. Rcd1 Qf8 20. Qd3 Rg5 21. Kh1 Qe8 22. Ne3 Rd8 23. Qd5 Kh8 24. Qxb7 Rb8 25. Qxa7 Rxb2 26. Rxd6 Rh5 27. Ng4 h6 28. Rfd1 Kh7 29. Qa3 Qb8 30. Rxe6 Qb7 31. Rf1 Re2 32. Qb3 Qd7 33. Qb1+ Kg8 34. Nf6+ Kf7 35. Nxh5 Qxe6 36. Qb7+ Kg6 37. g4 Qxc4 38. Qxg7# 1-0


[Site "https://www.chess.com"]

[Event "Titled Tuesday Blitz February 15 Early 2022"]
[White "Martinez Alcantara, Jose Eduardo"]
[Black "Boruchovsky, Avital"]
[WhiteFideId "3805662"]
[BlackFideId "2800055"]
[WhiteElo "2690"]
[BlackElo "2469"]
[Result "1-0"]
[Round "03"]
[TimeControl "180+1"]
[Date "2022.02.15"]
[WhiteClock "0:00:09"]
[BlackClock "0:00:09"]

1. e4 e5 2. Nf3 Nc6 3. Bb5 a6 4. Ba4 Nf6 5. O-O b5 6. Bb3 Bb7 7. d3 Be7 8. a4 O-O 9. Nc3 Na5 10. Bd5 c6 11. Ba2 b4 12. Ne2 d6 13. Ng3 c5 14. Bg5 d5 15. Nxe5 dxe4 16. dxe4 Nxe4 17. Nxe4 Bxe4 18. Qg4 Bxc2 19. Rad1 Bxd1 20. Rxd1 Qe8 21. Bf4 Bf6 22. Nd7 Bxb2 23. Bd6 h5 24. Qf5 b3 25. Nxf8 Qxf8 26. Bxf8 bxa2 27. Bxc5 a1=Q 28. Rxa1 Bxa1 29. g3 Re8 30. Qxh5 g6 31. Qf3 Re5 32. Bd6 Rf5 33. Qa8+ Kh7 34. Qxa6 Bd4 35. Bf4 g5 36. Qd3 Kg6 37. g4 gxf4 38. Qxf5+ 1-0


[Site "https://www.chess.com"]

[Event "Titled Tuesday Blitz February 15 Early 2022"]
[White "Martirosyan, Haik M."]
[Black "Bodnaruk, Anastasia"]
[WhiteFideId "13306553"]
[BlackFideId "4181751"]
[WhiteElo "2735"]
[BlackElo "2393"]
[Result "1-0"]
[Round "03"]
[TimeControl "180+1"]
[Date "2022.02.15"]
[WhiteClock "0:01:50"]
[BlackClock "0:00:09"]

1. c4 e5 2. Nc3 d6 3. Nf3 f5 4. d4 e4 5. Ng5 Be7 6. Nh3 Nf6 7. g3 O-O 8. Bg2 c5 9. O-O Nc6 10. dxc5 dxc5 11. Nf4 g5 12. Nfd5 Nxd5 13. Nxd5 Be6 14. f3 exf3 15. exf3 Bxd5 16. cxd5 Nd4 17. f4 g4 18. Be3 Bf6 19. Rc1 Qd6 20. b4 b6 21. Qd3 Rfe8 22. Kh1 Bg7 23. bxc5 bxc5 24. Bxd4 Bxd4 25. Qxf5 Qg6 26. Qd7 Re2 27. f5 Qf7 28. Qc6 Rae8 29. d6 Kh8 30. f6 Qxa2 31. d7 Rd8 32. f7 Rf8 33. d8=Q 1-0


[Site "https://www.chess.com"]

[Event "Titled Tuesday Blitz February 15 Early 2022"]
[White "Matveeva, Olga"]
[Black "Gunina, Valentina"]
[WhiteFideId "24107018"]
[BlackFideId "4167570"]
[WhiteElo "2083"]
[BlackElo "2465"]
[Result "0-1"]
[Round "03"]
[TimeControl "180+1"]
[Date "2022.02.15"]
[WhiteClock "0:00:13"]
[BlackClock "0:01:16"]

1. e4 c6 2. d4 d5 3. e5 c5 4. dxc5 e6 5. a3 Bxc5 6. Qg4 Ne7 7. Nf3 O-O 8. Bd3 Ng6 9. h4 Nc6 10. Qh5 Qe8 11. Ng5 h6 12. Nf3 f5 13. exf6 Rxf6 14. Nc3 Qf7 15. Bg5 Nge5 16. Qxf7+ Rxf7 17. Nxe5 Nxe5 18. Be3 d4 19. Ne4 dxe3 20. Nxc5 exf2+ 21. Ke2 b6 22. Ne4 Bb7 23. Nxf2 Bxg2 24. Rhg1 Bf3+ 25. Ke3 Raf8 26. Ne4 Bxe4 27. Bxe4 Nc4+ 28. Kd4 Nxb2 29. h5 Rd8+ 30. Kc3 Na4+ 31. Kb4 Nc5 32. Bg6 Rc7 33. Rad1 Rdc8 34. Rd6 Nd7 35. Rgd1 Nf8 36. Rd8 Rc5 37. Rxc8 Rxc8 38. c4 Nxg6 39. hxg6 e5 40. Rd7 Re8 41. Rxa7 e4 42. Kc3 e3 0-1


[Site "https://www.chess.com"]

[Event "Titled Tuesday Blitz February 15 Early 2022"]
[White "Maung, Maung Kyaw Zaw Hein"]
[Black "Gubanov, Oleg"]
[WhiteFideId "13001698"]
[BlackFideId "14115115"]
[WhiteElo "1785"]
[BlackElo "2080"]
[Result "1-0"]
[Round "03"]
[TimeControl "180+1"]
[Date "2022.02.15"]
[WhiteClock "0:01:51"]
[BlackClock "0:01:24"]

1. Nf3 b5 2. e4 Bb7 3. e5 a6 4. d4 e6 5. Bd3 c5 6. dxc5 Bxc5 7. O-O Ne7 8. Nc3 Ng6 9. Ne4 Qb6 10. Qe2 Nc6 11. Nxc5 Qxc5 12. Re1 d5 13. exd6 Qxd6 14. b3 Nb4 15. Be4 Bxe4 16. Qxe4 Rc8 17. Ba3 1-0


[Site "https://www.chess.com"]

[Event "Titled Tuesday Blitz February 15 Early 2022"]
[White "Mejia, Cherry Ann"]
[Black "FGHSMN"]
[WhiteFideId "5206880"]
[WhiteElo "2007"]
[BlackElo "2717"]
[Result "0-1"]
[Round "03"]
[TimeControl "180+1"]
[Date "2022.02.15"]
[WhiteClock "0:00:01"]
[BlackClock "0:00:07"]

1. e4 c5 2. Nc3 e6 3. g3 Nc6 4. Bg2 g6 5. d3 Bg7 6. Be3 d6 7. Qd2 Rb8 8. Nge2 Nd4 9. Nc1 h5 10. h3 h4 11. g4 Ne7 12. Nd1 b6 13. c3 Ndc6 14. d4 cxd4 15. cxd4 Ba6 16. Nc3 d5 17. e5 Bxe5 18. dxe5 d4 19. Ne4 dxe3 20. Nd6+ Kf8 21. Qxe3 Nd5 22. Bxd5 exd5 23. Ne2 Qe7 24. f4 Nb4 25. Nd4 Nd3+ 26. Kd2 Qd7 27. b3 Kg7 28. f5 Rbe8 29. f6+ Kh7 30. N4f5 gxf5 31. Nxf5 Kg6 32. Ne7+ Rxe7 33. fxe7 Qxe7 34. Rhf1 Qb4+ 35. Kd1 Nb2+ 36. Kc2 Bxf1 37. Rxf1 Qe4+ 38. Qxe4+ dxe4 39. Kxb2 Re8 40. Rf6+ Kg7 41. Rf5 Rd8 42. Kc3 Rd3+ 43. Kc2 Rxh3 44. Rf4 Rg3 45. Rxe4 h3 46. Re1 h2 0-1


[Site "https://www.chess.com"]

[Event "Titled Tuesday Blitz February 15 Early 2022"]
[White "Mikhailovsky, Vladimir"]
[Black "Fedoseev, Vladimir"]
[WhiteFideId "34105414"]
[BlackFideId "24130737"]
[WhiteElo "2371"]
[BlackElo "2726"]
[Result "0-1"]
[Round "03"]
[TimeControl "180+1"]
[Date "2022.02.15"]
[WhiteClock "0:00:11"]
[BlackClock "0:00:04"]

1. c4 e5 2. g3 Nc6 3. Bg2 g6 4. Nc3 Bg7 5. e3 Nge7 6. Nge2 O-O 7. O-O f5 8. Rb1 e4 9. d3 exd3 10. Qxd3 Ne5 11. Qc2 d6 12. Nf4 c6 13. b3 Qe8 14. Ba3 g5 15. Nd3 Nf7 16. f4 Ng6 17. Rbe1 Qd8 18. e4 Re8 19. fxg5 Qxg5 20. exf5 Bxf5 21. Ne4 Bd4+ 22. Kh1 Bxe4 23. Bxe4 Rf8 24. Bc1 Qa5 25. Nf4 Nfe5 26. Nxg6 hxg6 27. Bxg6 Kg7 28. Qe4 Bc3 29. Qh4 Nxg6 30. Qh6+ Kg8 31. Qxg6+ Bg7 32. Bh6 Qc7 33. Kg2 d5 34. cxd5 cxd5 35. Bxg7 Qxg7 36. Qe6+ Kh8 37. Qxd5 Qb2+ 38. Kh1 Qg7 39. Qh5+ Kg8 40. Rf5 Rxf5 41. Qxf5 Rf8 42. Qe6+ Kh8 43. Re4 Qa1+ 44. Kg2 Qf1# 0-1


[Site "https://www.chess.com"]

[Event "Titled Tuesday Blitz February 15 Early 2022"]
[White "Mirzanurov, Bulat"]
[Black "Tanenbaum, Zachary"]
[WhiteFideId "4184521"]
[BlackFideId "2060850"]
[WhiteElo "2116"]
[BlackElo "2168"]
[Result "0-1"]
[Round "03"]
[TimeControl "180+1"]
[Date "2022.02.15"]
[WhiteClock "0:01:11"]
[BlackClock "0:02:14"]

1. e4 e5 2. Nf3 Nc6 3. Bc4 Nf6 4. d3 Be7 5. O-O O-O 6. c3 d5 7. exd5 Nxd5 8. Re1 Bg4 9. h3 Bh5 10. g4 Bg6 11. Nxe5 Nxe5 12. Rxe5 Nb6 13. Re1 Nxc4 14. dxc4 Bd6 15. Qf3 f5 16. g5 f4 17. h4 Re8 18. Rxe8+ Qxe8 19. Bxf4 Qe1+ 20. Kh2 Be4 21. Qg3 Qh1# 0-1


[Site "https://www.chess.com"]

[Event "Titled Tuesday Blitz February 15 Early 2022"]
[White "Mischuk, Dmitry"]
[Black "Sanal, Vahap"]
[WhiteFideId "14118734"]
[BlackFideId "6300545"]
[WhiteElo "2256"]
[BlackElo "2603"]
[Result "0-1"]
[Round "03"]
[TimeControl "180+1"]
[Date "2022.02.15"]
[WhiteClock "0:00:01"]
[BlackClock "0:00:15"]

1. e4 e5 2. Nf3 Nc6 3. Bc4 Bc5 4. O-O Nf6 5. d4 Bxd4 6. Nxd4 Nxd4 7. f4 d6 8. fxe5 dxe5 9. Bg5 Qd6 10. Bxf6 gxf6 11. c3 Be6 12. Bxe6 Nxe6 13. Qxd6 cxd6 14. Rxf6 Ke7 15. Rf3 h5 16. Nd2 Rag8 17. Nf1 Ng5 18. Re3 h4 19. Rd1 Rh6 20. Nd2 Ne6 21. g3 Rhg6 22. Kf2 hxg3+ 23. hxg3 Rh6 24. Nf3 Rf6 25. Rh1 Kd7 26. Rh5 Nc5 27. Kg2 Rfg6 28. Nh4 Rg4 29. Rh7 Nxe4 30. Rxf7+ Ke6 31. Rh7 Rxg3+ 32. Rxg3 Rxg3+ 33. Kh2 Rd3 34. Rh6+ Kd7 35. Nf5 Rd2+ 36. Kh3 Rxb2 37. Kg4 Rxa2 38. Kf3 Nd2+ 39. Ke3 Nc4+ 40. Kd3 b5 41. Rh7+ Ke6 42. Ng3 Rd2+ 43. Ke4 d5+ 44. Kf3 Rd3+ 45. Kg4 Rxc3 46. Rh6+ Kd7 47. Nh5 b4 48. Kf5 b3 49. Nf6+ Kc8 50. Nxd5 Ne3+ 51. Ke6 Rc6+ 0-1


[Site "https://www.chess.com"]

[Event "Titled Tuesday Blitz February 15 Early 2022"]
[White "Miszler, Levente"]
[Black "Stefanov, Plamen"]
[WhiteFideId "763276"]
[BlackFideId "2900980"]
[WhiteElo "1966"]
[BlackElo "2137"]
[Result "1-0"]
[Round "03"]
[TimeControl "180+1"]
[Date "2022.02.15"]
[WhiteClock "0:00:05"]
[BlackClock "0:00:01"]

1. d4 Nf6 2. Nf3 c5 3. d5 d6 4. c4 g6 5. Nc3 Bg7 6. Bg5 O-O 7. Qd2 Re8 8. h4 h5 9. e3 a6 10. a4 Nbd7 11. a5 b6 12. axb6 Qxb6 13. Bd3 Rb8 14. Ra2 Qb3 15. Qc2 Qxc2 16. Bxc2 Rb4 17. Nd2 Ng4 18. Ke2 Nge5 19. Ba4 Nxc4 20. Nxc4 Rxc4 21. Nb1 Rb4 22. b3 f6 23. Bf4 e5 24. dxe6 Rxe6 25. Bc6 Rxf4 26. Bd5 Re4 27. Nd2 Re5 28. Bxe6+ Rxe6 29. Rd1 Ne5 30. Ne4 Nf7 31. Nc3 Bb7 32. Nd5 Re5 33. Nc7 Bxg2 34. Rxa6 Bh3 35. Nb5 d5 36. Ra8+ Kh7 37. Ra7 Nh6 38. Nd6 Nf5 39. Nxf5 Bxf5 40. Rc1 d4 41. b4 dxe3 42. fxe3 cxb4 43. Rcc7 Bg4+ 44. Kf2 Rf5+ 45. Ke1 1-0


[Site "https://www.chess.com"]

[Event "Titled Tuesday Blitz February 15 Early 2022"]
[White "Mohammed, Dilshad"]
[Black "Thunderbolt135"]
[WhiteFideId "5050421"]
[WhiteElo "2153"]
[BlackElo "2747"]
[Result "0-1"]
[Round "03"]
[TimeControl "180+1"]
[Date "2022.02.15"]
[WhiteClock "0:00:02"]
[BlackClock "0:00:14"]

1. Nf3 Nf6 2. c4 e6 3. g3 d5 4. Bg2 Be7 5. O-O O-O 6. cxd5 exd5 7. d4 c6 8. Nc3 Bf5 9. Nh4 Bg4 10. Qb3 Qb6 11. h3 Qxb3 12. axb3 Be6 13. Nf3 h6 14. Ne5 Nbd7 15. Nd3 Bf5 16. Rd1 Rfe8 17. g4 Bh7 18. Bf4 Nf8 19. Bg3 Ne6 20. e3 h5 21. Ne5 hxg4 22. hxg4 Bd6 23. f3 Bc2 24. Rd2 Bxb3 25. Bf1 Ng5 26. Kf2 a5 27. Bd3 g6 28. Bh4 Ngh7 29. Bg3 Kg7 30. Rg1 a4 31. Rh1 Nf8 32. Bf4 Ne6 33. Bh6+ Kg8 34. Kg3 c5 35. f4 cxd4 36. exd4 Nxd4 37. Rdh2 Ne6 38. Bb5 Re7 39. Ra1 a3 40. bxa3 d4 41. g5 Nd5 42. Ne4 Nexf4 43. Bf8 Rxf8 44. Rah1 Bxe5 45. Nf6+ Bxf6 46. gxf6 Re3+ 47. Kf2 Nxf6 48. Rh8+ Kg7 49. R8h4 Ne4+ 50. Kf1 Rc8 51. Rxf4 Rc1+ 52. Kg2 Rxh1 53. Kxh1 Bd5 54. Kh2 Nc3 55. Bf1 d3 56. Rd4 Be4 57. Rd7 Nd5 58. Bg2 d2 59. Bxe4 d1=Q 60. Bxd5 Qd2+ 61. Bg2 Qxd7 0-1


[Site "https://www.chess.com"]

[Event "Titled Tuesday Blitz February 15 Early 2022"]
[White "Mosutha, Thuso"]
[Black "Daneshvar, Bardiya"]
[WhiteFideId "11302550"]
[BlackFideId "12576468"]
[WhiteElo "2028"]
[BlackElo "2295"]
[Result "0-1"]
[Round "03"]
[TimeControl "180+1"]
[Date "2022.02.15"]
[WhiteClock "0:00:04"]
[BlackClock "0:00:46"]

1. d4 h5 2. Bf4 e6 3. Nf3 Ne7 4. h3 d6 5. e4 Ng6 6. Bh2 b6 7. Bd3 Bb7 8. c3 Nd7 9. Qe2 a6 10. Nbd2 Be7 11. O-O-O b5 12. e5 Ndf8 13. exd6 Bxd6 14. Bxd6 cxd6 15. Ne4 Nf4 16. Qd2 Nxd3+ 17. Qxd3 Ng6 18. g3 h4 19. Neg5 Qf6 20. Rde1 O-O-O 21. Ne4 Qf5 22. Kc2 hxg3 23. fxg3 Rxh3 24. Rxh3 Qxh3 25. Nfg5 Qg2+ 26. Re2 Qf1 27. Rf2 Qxd3+ 28. Kxd3 f5 29. Nd2 Bd5 30. b3 Kd7 31. c4 bxc4+ 32. bxc4 Bc6 33. Rh2 Rh8 34. Re2 e5 35. dxe5 dxe5 36. Nb3 Ke7 37. Kc3 Kf6 0-1


[Site "https://www.chess.com"]

[Event "Titled Tuesday Blitz February 15 Early 2022"]
[White "Muradov, Soltan"]
[Black "Khripachenko, Alexander"]
[WhiteFideId "14002108"]
[BlackFideId "54184975"]
[WhiteElo "1854"]
[BlackElo "2177"]
[Result "0-1"]
[Round "03"]
[TimeControl "180+1"]
[Date "2022.02.15"]
[WhiteClock "0:01:18"]
[BlackClock "0:01:39"]

1. e4 c5 2. d4 cxd4 3. c3 Nf6 4. e5 Nd5 5. cxd4 d6 6. Nf3 Nc6 7. exd6 Qxd6 8. Nc3 g6 9. Be2 Bg7 10. O-O O-O 11. Qb3 Be6 12. Ne4 Qb4 13. Qxb4 Ndxb4 14. Nc5 Bd5 15. Nxb7 Nc2 16. Rb1 Bxa2 17. Be3 Bxb1 18. Rxb1 N2xd4 19. Bd1 Rab8 20. Nc5 Rfd8 21. Kf1 Nxf3 22. Bxf3 Nd4 0-1


[Site "https://www.chess.com"]

[Event "Titled Tuesday Blitz February 15 Early 2022"]
[White "Musovic, Armin"]
[Black "Dovbnia, Nikita"]
[WhiteFideId "939935"]
[BlackFideId "54104599"]
[WhiteElo "2250"]
[BlackElo "2111"]
[Result "1-0"]
[Round "03"]
[TimeControl "180+1"]
[Date "2022.02.15"]
[WhiteClock "0:01:15"]
[BlackClock "0:00:04"]

1. a3 e5 2. Nc3 Nf6 3. d4 exd4 4. Qxd4 Nc6 5. Qa4 h6 6. Bf4 d5 7. O-O-O Bd6 8. Nb5 O-O 9. Nxd6 cxd6 10. f3 Bf5 11. e4 Be6 12. exd5 Nxd5 13. Bg3 Rc8 14. Bd3 Ne5 15. Bxe5 dxe5 16. Qe4 Qg5+ 17. Kb1 Nf6 18. Qe2 Qf4 19. Nh3 Qd4 20. Qf2 Qxf2 21. Nxf2 Rfd8 22. Rhe1 Nd7 23. Bb5 f6 24. Ne4 a6 25. Bf1 Nb6 26. Rxd8+ Rxd8 27. g4 Nd5 28. Rd1 Rc8 29. c4 Nf4 30. b3 b5 31. Nd6 Rd8 32. c5 Bxb3 33. Rd2 Bd5 34. a4 Bxf3 35. axb5 axb5 36. Bxb5 e4 37. Bc4+ Kh7 38. Rd4 Ne2 39. Bxe2 Bxe2 40. Kb2 Bxg4 41. Rxe4 Bh5 42. Kc3 Bg6 43. Re7 f5 44. Kd4 f4 45. Re1 Bc2 46. Re2 Bd1 47. Rd2 Bh5 48. Rf2 f3 49. Ke5 g5 50. c6 g4 51. c7 Ra8 52. c8=Q Rxc8 53. Nxc8 Kg6 54. Kf4 Kf6 55. Nd6 Ke6 56. Ne4 Kd5 57. Ng3 Be8 58. Kxg4 Kd4 59. Kxf3 1-0


[Site "https://www.chess.com"]

[Event "Titled Tuesday Blitz February 15 Early 2022"]
[White "Navara, David"]
[Black "Dvirnyy, Danyyil"]
[WhiteFideId "309095"]
[BlackFideId "817570"]
[WhiteElo "2686"]
[BlackElo "2546"]
[Result "1/2-1/2"]
[Round "03"]
[TimeControl "180+1"]
[Date "2022.02.15"]
[WhiteClock "0:00:05"]
[BlackClock "0:00:10"]

1. d4 Nf6 2. c4 g6 3. Nc3 d5 4. cxd5 Nxd5 5. e4 Nxc3 6. bxc3 Bg7 7. Be3 c5 8. Qd2 Qa5 9. Rc1 cxd4 10. cxd4 Qxd2+ 11. Bxd2 O-O 12. Nf3 Bg4 13. Be3 Rc8 14. Rxc8+ Bxc8 15. Bb5 Bd7 16. a4 a6 17. Bxd7 Nxd7 18. Ke2 Rc8 19. Rb1 b6 20. Kd3 e6 21. Nd2 Rd8 22. Ke2 Rc8 23. e5 Bf8 24. f4 Rc3 25. Ne4 Rc4 26. Kd3 Rc6 27. g4 Be7 28. g5 Kf8 29. Nc3 Ke8 30. d5 exd5 31. Nxd5 Bd8 32. Rb3 Rc5 33. Bxc5 Nxc5+ 34. Kc4 Nxb3 35. Kxb3 Kd7 36. Kc4 Kc6 37. Nf6 b5+ 38. axb5+ axb5+ 39. Kb3 Bxf6 40. gxf6 Kd5 41. Kb4 h6 42. h4 g5 43. fxg5 hxg5 44. hxg5 Kxe5 45. g6 Kxf6 46. gxf7 Kxf7 47. Kxb5 1/2-1/2


[Site "https://www.chess.com"]

[Event "Titled Tuesday Blitz February 15 Early 2022"]
[White "Nazari, Arad"]
[Black "Dushyant Sharma"]
[WhiteFideId "12577324"]
[BlackFideId "25065130"]
[WhiteElo "2120"]
[BlackElo "2012"]
[Result "0-1"]
[Round "03"]
[TimeControl "180+1"]
[Date "2022.02.15"]
[WhiteClock "0:00:03"]
[BlackClock "0:00:11"]

1. e4 d5 2. exd5 Nf6 3. Nc3 Nxd5 4. Bc4 c6 5. Nge2 Bg4 6. f3 Bh5 7. d4 e6 8. O-O Be7 9. Bxd5 exd5 10. Nf4 Bg6 11. Nxg6 hxg6 12. Bf4 O-O 13. Qd2 Nd7 14. Nd1 Rc8 15. Nf2 Nf6 16. Nd3 Bd6 17. Be5 Bxe5 18. dxe5 Qb6+ 19. Kh1 Nd7 20. Rae1 Rce8 21. f4 Nc5 22. Nxc5 Qxc5 23. c3 f6 24. e6 Qd6 25. Qe3 Re7 26. Qxa7 b5 27. Qe3 Rfe8 28. Qg3 Rxe6 29. Rxe6 Rxe6 30. h4 Re4 31. Qxg6 Rxf4 32. Qe8+ Kh7 33. Qh5+ Kg8 34. Re1 Re4 35. Rxe4 dxe4 36. Qe8+ Kh7 37. Qxe4+ Kh8 38. Qd4 Qg3 39. Qe4 Qf2 40. b4 c5 41. bxc5 Qxc5 42. Kh2 Qc7+ 43. g3 Qxc3 44. Qe8+ Kh7 45. Qh5+ Kg8 46. Qd5+ Kh8 47. Kh3 b4 48. h5 Qe1 49. Kh4 Kh7 50. Qf5+ Kh8 51. Qc8+ Kh7 52. Qc2+ Kh8 53. Kg4 Qe6+ 54. Kh4 Qe1 55. Qc8+ Kh7 56. Qf5+ Kg8 57. Qd5+ Kh8 58. Kg4 Qe7 59. Kf5 Qe1 60. Kg6 Qb1+ 61. Kf7 Kh7 62. Qd8 Qxa2+ 63. Kf8 Qg8+ 0-1


[Site "https://www.chess.com"]

[Event "Titled Tuesday Blitz February 15 Early 2022"]
[White "Nesterov, Arseniy"]
[Black "Przybylski, Wojciech"]
[WhiteFideId "24198455"]
[BlackFideId "1117599"]
[WhiteElo "2489"]
[BlackElo "2133"]
[Result "1-0"]
[Round "03"]
[TimeControl "180+1"]
[Date "2022.02.15"]
[WhiteClock "0:00:13"]
[BlackClock "0:00:03"]

1. d4 Nf6 2. c4 e6 3. Nf3 b6 4. g3 Ba6 5. Qc2 Bb7 6. Bg2 Be7 7. O-O O-O 8. Nc3 c5 9. d5 exd5 10. cxd5 d6 11. e4 Nbd7 12. Bf4 Ng4 13. Rad1 a6 14. a4 Re8 15. Rfe1 Nge5 16. Nxe5 Nxe5 17. Bc1 Bf6 18. f4 Nd7 19. h3 g6 20. Kh2 Bg7 21. b3 Rc8 22. Bb2 Qc7 23. Ne2 b5 24. Bxg7 Kxg7 25. axb5 axb5 26. Qb2+ Kg8 27. b4 Rb8 28. Nc3 Bc8 29. e5 dxe5 30. d6 Qb6 31. fxe5 Nxe5 32. Nd5 Qxd6 33. bxc5 Qxc5 34. Rxe5 Qf8 35. Nf6+ Kg7 36. Nxe8+ Kg8 37. Nf6+ Kg7 38. Re8 Qc5 39. Nh5+ Kh6 40. Qg7+ Kxh5 41. Qxh7+ Kg5 42. Qh4+ Kf5 43. Qf4# 1-0


[Site "https://www.chess.com"]

[Event "Titled Tuesday Blitz February 15 Early 2022"]
[White "Nguyen, Ngoc Truong Son"]
[Black "Rakhimgaliyev, Yerlan"]
[WhiteFideId "12401110"]
[BlackFideId "13705148"]
[WhiteElo "2596"]
[BlackElo "2261"]
[Result "1-0"]
[Round "03"]
[TimeControl "180+1"]
[Date "2022.02.15"]
[WhiteClock "0:01:27"]
[BlackClock "0:01:41"]

1. e4 e5 2. Nf3 d6 3. d4 exd4 4. Nxd4 Nf6 5. Nc3 Be7 6. Be2 O-O 7. Be3 Re8 8. O-O Bf8 9. Bf3 Nbd7 10. Re1 c6 11. g3 Nc5 12. Bf4 d5 13. exd5 Rxe1+ 14. Qxe1 cxd5 15. Bg5 h6 16. Bxf6 Qxf6 17. Rd1 Be6 18. Nxd5 Bxd5 19. Bxd5 Rd8 20. c4 Na4 21. Ne6 fxe6 22. Qxe6+ Kh7 23. Qxf6 Rxd5 24. Qxf8 Rxd1+ 25. Kg2 Nxb2 26. Qf5+ Kh8 27. Qc2 Rd4 28. Qxb2 Rxc4 29. Qxb7 Ra4 30. Qc8+ Kh7 31. Qc2+ 1-0


[Site "https://www.chess.com"]

[Event "Titled Tuesday Blitz February 15 Early 2022"]
[White "Niemann, Hans Moke"]
[Black "Seemann, Jakub"]
[WhiteFideId "2093596"]
[BlackFideId "21874697"]
[WhiteElo "2636"]
[BlackElo "2003"]
[Result "1-0"]
[Round "03"]
[TimeControl "180+1"]
[Date "2022.02.15"]
[WhiteClock "0:00:35"]
[BlackClock "0:00:02"]

1. d4 d5 2. Nc3 c6 3. Bf4 Nf6 4. e3 g6 5. Nf3 Bg7 6. h3 O-O 7. Be2 Bf5 8. O-O Ne4 9. Nxe4 Bxe4 10. Bd3 Bxd3 11. Qxd3 Nd7 12. c4 Nf6 13. Rfc1 Ne4 14. b4 Nd6 15. Nd2 dxc4 16. Nxc4 Nxc4 17. Qxc4 Rc8 18. a4 Qd5 19. Ra2 Rfd8 20. Rac2 a6 21. b5 axb5 22. axb5 e5 23. dxe5 Bxe5 24. Qxd5 Rxd5 25. Bxe5 Rxe5 26. bxc6 bxc6 27. Rxc6 Rxc6 28. Rxc6 h5 29. Rc4 Kg7 30. g4 hxg4 31. hxg4 Ra5 32. Kg2 g5 33. Kf3 Kg6 34. Ke4 Ra2 35. f3 Ra3 36. Rc6+ f6 37. Rd6 Rb3 38. Rd5 Rb4+ 39. Rd4 Rb3 40. Ra4 Rb5 41. Ra3 Rb4+ 42. Kd3 Rb6 43. Ke2 Rc6 44. Rd3 Rb6 45. Kf2 f5 46. gxf5+ Kxf5 47. Kg3 Rb1 48. Rd5+ Kf6 49. e4 Rg1+ 50. Kf2 Ra1 51. Rd6+ Kf7 52. Ke3 Ra3+ 53. Rd3 Ra4 54. Rb3 Ke6 55. Rb6+ Kf7 56. Rd6 Ra3+ 57. Rd3 Ra4 58. Kf2 Ra1 59. Rd6 Kg7 60. Ke3 Ra3+ 61. Kf2 Ra1 62. Rb6 Kf7 63. Kg2 Kg7 64. Kg3 Rg1+ 65. Kf2 Ra1 66. Rb3 Kf7 67. Ke3 Ra4 68. Rb6 Ra3+ 69. Kf2 Ra1 70. Rb2 Kg7 71. Kg3 Rg1+ 72. Rg2 Rf1 73. Kg4 Kf6 74. Rg3 Rf2 75. Rg1 Kg6 76. e5 Re2 77. f4 gxf4 78. Kf3+ 1-0


[Site "https://www.chess.com"]

[Event "Titled Tuesday Blitz February 15 Early 2022"]
[White "Nilsen, Tobias Lang"]
[Black "Grineva, Marianna"]
[WhiteFideId "1521624"]
[BlackFideId "14102013"]
[WhiteElo "2013"]
[BlackElo "1954"]
[Result "1-0"]
[Round "03"]
[TimeControl "180+1"]
[Date "2022.02.15"]
[WhiteClock "0:00:22"]
[BlackClock "0:00:19"]

1. f4 d5 2. Nf3 Nf6 3. g3 g6 4. Bg2 Bg7 5. O-O O-O 6. d3 c5 7. Nc3 Nc6 8. e4 dxe4 9. dxe4 Bg4 10. e5 Nd7 11. Be3 Qb6 12. Rb1 Rfd8 13. Qe1 Nd4 14. Qf2 Nf8 15. Ne4 Nfe6 16. c3 Nxf3+ 17. Bxf3 Bxf3 18. Qxf3 Rac8 19. b4 Qa6 20. Nxc5 Nxc5 21. Bxc5 Rd3 22. b5 Rxf3 23. bxa6 Rxf1+ 24. Kxf1 b6 25. Bxe7 Bf8 26. Bxf8 Kxf8 27. Rb3 Rc5 28. Ra3 Ke7 29. Ke2 Rd5 30. c4 Rc5 31. Kd3 Ke6 32. Kd4 Kf5 33. h3 h5 34. Kc3 h4 35. gxh4 Kxf4 36. Kb4 Kxe5 37. Re3+ Kf6 38. a4 Rh5 39. Rd3 Ke7 40. Re3+ Kd7 41. Rf3 f5 42. Rf4 Rh7 43. a5 Kc6 44. axb6 Kxb6 45. c5+ Kxa6 46. Kc4 Kb7 47. Kd5 Kc7 48. Ra4 Kb7 49. c6+ Kb6 50. Rb4+ Ka6 51. Kd6 Rh8 52. c7 Rc8 53. Rb8 Rxc7 54. Kxc7 f4 55. Rf8 f3 56. Rxf3 Kb5 57. Rg3 a5 58. Rxg6 a4 59. Rg5+ Kb4 60. Rg4+ Kb3 61. Rxa4 Kxa4 62. h5 1-0


[Site "https://www.chess.com"]

[Event "Titled Tuesday Blitz February 15 Early 2022"]
[White "Nogerbek, Kazybek"]
[Black "Brodowski, Piotr"]
[WhiteFideId "13710427"]
[BlackFideId "1124480"]
[WhiteElo "2478"]
[BlackElo "2422"]
[Result "1-0"]
[Round "03"]
[TimeControl "180+1"]
[Date "2022.02.15"]
[WhiteClock "0:01:50"]
[BlackClock "0:00:11"]

1. c4 e5 2. Nc3 Nc6 3. Nf3 f5 4. d4 e4 5. Ng5 Bb4 6. Nh3 Nf6 7. Bg5 h6 8. Bxf6 Qxf6 9. e3 O-O 10. Nf4 Ne7 11. h4 c6 12. h5 c5 13. Qb3 b6 14. a3 Bxc3+ 15. Qxc3 cxd4 16. Qxd4 Qxd4 17. exd4 Bb7 18. c5 Rac8 19. b4 Kf7 20. Rh3 Nd5 21. Bc4 bxc5 22. dxc5 d6 23. Nxd5 dxc5 24. Nb6+ Ke7 25. Nxc8+ Rxc8 26. b5 Kf6 27. a4 Rd8 28. Rd1 1-0


[Site "https://www.chess.com"]